Map: [ESL] Crimson Court

Players

Lambo

  • Race: Zerg Zerg
  • Spawn Location: 1:00

Reynor - Winner!

  • Race: Zerg Zerg
  • League: Master
  • Spawn Location: 7:00

Event: Bellum Gens Elite Stara Zagora 2024

VOD

Have the link to the VOD?

Description

Time

  • Played on: Sept. 6, 2024, 5:46 a.m.
  • Length: 7:59

All games in this series

Show
View Real Time Build Order
Export as new Build Order

Lambo Zerg 

Build Orders: Hatch First 

Get SALT Encoding   

  12  0:00  Drone  
  13  0:08  Drone  
  14  0:14  Extractor  
  14  0:15  Drone  
  15  0:36  Hatchery  
  15  0:41  Drone, Extractor  
  15  0:47  Overlord  
  15  1:02  Spawning Pool  
  14  1:06  Drone  
  14  1:09  Drone  
  16  1:13  Drone  
  16  1:17  Drone  
  18  1:27  Extractor  
  18  1:28  Drone  
  18  1:38  Drone  
  19  1:48  Queen x2  
  19  1:49  Drone  
  19  1:52  Drone  
  25  1:58  Drone  
  25  1:59  Overlord  
  26  2:10  Drone  
  26  2:11  Drone  
  28  2:20  Drone  
  28  2:21  Drone  
  30  2:30  Drone  
  30  2:32  Drone  
  30  2:33  Metabolic Boost  
  32  2:41  Hatchery  
  32  2:43  Overlord  
  31  2:50  Drone  
  32  2:57  Drone x4  
  36  2:58  Overlord  
  36  3:01  Zergling x4  
  36  3:04  Zergling x2  
  39  3:08  Baneling Nest  
  39  3:11  Zergling x2  
  39  3:12  Zergling x2  
  40  3:18  Overlord  
  40  3:25  Zergling x2  
  41  3:30  Zergling x8  
  41  3:31  Zergling x4  
  41  3:33  Zergling x2  
  48  3:38  Zergling x2  
  48  3:39  Queen  
  51  3:47  Zergling x2  
  52  3:50  Roach Warren  
  52  3:52  Zergling x2  
  52  3:53  Zergling x4  
  54  4:00  Zergling x2  
  55  4:05  Zergling x14  
  62  4:14  Zergling x4  
  62  4:21  Overlord  
  62  4:26  Overlord x2  
  62  4:27  Unknown, Zergling x2  
  62  4:35  Roach  
  62  4:38  Overlord  
  64  4:40  Roach  
  64  4:43  Roach x3  
  64  4:45  Roach x3  
  78  4:48  Roach  
  78  4:49  Roach  
  76  5:03  Roach  
  76  5:06  Overlord  
  71  5:07  Zergling x6  
  71  5:08  Queen  
  74  5:16  Zergling x10  
  74  5:19  Roach  
  66  5:23  Roach  
  65  5:31  Queen  
  65  5:34  Roach  
  69  5:35  Drone  
  69  5:37  Drone  
  69  5:41  Unknown  
  69  5:42  Zergling x8  
  74  5:56  Roach  
  75  6:04  Zergling x10  
  75  6:08  Drone  
  80  6:13  Roach  
  82  6:18  Roach  
  82  6:19  Overlord  
  82  6:22  Zergling x2  
  82  6:25  Roach  
  87  6:29  Zergling x4  
  89  6:34  Ravager  
  89  6:35  Zergling x4  
  89  6:39  Zergling x4  
  94  6:44  Zergling x4  
  94  6:50  Overlord  
  84  6:54  Zergling x6  
  84  6:58  Roach  
  84  6:59  Zergling x2  
  83  7:02  Roach  
  83  7:03  Roach  
  83  7:07  Roach  
  72  7:09  Roach  
  72  7:14  Roach  
  74  7:16  Ravager  
  74  7:18  Roach  
  71  7:23  Roach x2  
  71  7:29  Roach x2  
  68  7:34  Zergling x4  
  64  7:39  Roach  
Show
View Real Time Build Order
Export as new Build Order

Reynor Zerg - Winner!

Build Orders: Hatch First 

Get SALT Encoding   

  12  0:00  Drone  
  13  0:08  Drone  
  13  0:14  Drone, Extractor  
  15  0:36  Hatchery  
  15  0:40  Extractor  
  15  0:41  Drone  
  15  0:47  Overlord  
  15  1:01  Spawning Pool  
  14  1:06  Drone  
  14  1:09  Drone  
  16  1:13  Drone  
  16  1:17  Drone  
  18  1:26  Extractor  
  18  1:27  Drone  
  18  1:39  Drone  
  19  1:47  Drone  
  19  1:48  Queen x2  
  19  1:50  Drone  
  25  1:58  Drone  
  25  1:59  Drone  
  27  2:09  Overlord  
  27  2:10  Drone  
  28  2:27  Drone x2  
  30  2:31  Drone x2  
  30  2:34  Metabolic Boost  
  32  2:41  Hatchery, Zergling x2  
  32  2:47  Overlord  
  32  2:53  Drone  
  32  2:57  Drone  
  34  3:01  Zergling x4  
  34  3:03  Roach Warren, Drone  
  36  3:07  Drone  
  36  3:11  Overlord  
  37  3:13  Zergling x2  
  37  3:14  Zergling x2  
  37  3:16  Zergling x2  
  40  3:21  Zergling x2  
  41  3:29  Zergling x4  
  41  3:30  Zergling x6  
  41  3:32  Overlord  
  46  3:44  Overlord  
  46  3:47  Roach x3  
  51  3:50  Roach  
  51  3:55  Baneling Nest, Roach  
  55  3:57  Roach  
  56  4:05  Roach  
  56  4:08  Zergling x6  
  61  4:15  Zergling x8  
  64  4:19  Overlord  
  64  4:22  Zergling x2  
  64  4:26  Zergling x2  
  64  4:30  Zergling x6  
  69  4:38  Zergling x10  
  69  4:40  Baneling  
  69  4:41  Baneling x2  
  69  4:43  Baneling  
  73  4:48  Zergling x6  
  76  4:54  Zergling x4  
  73  5:06  Baneling x2  
  73  5:07  Zergling x8  
  73  5:14  Zergling x4  
  75  5:18  Zergling x2  
  75  5:20  Queen  
  62  5:21  Zergling x2  
  62  5:28  Roach  
  59  5:30  Roach x2  
  59  5:33  Zergling x2  
  64  5:40  Unknown  
  64  5:41  Zergling x2, Roach  
  66  5:47  Zergling x2  
  65  5:50  Roach  
  65  5:53  Zergling x14  
  73  6:04  Roach x2  
  74  6:06  Zergling x2  
  74  6:09  Zergling x2  
  74  6:15  Roach x2  
  77  6:20  Overlord  
  77  6:21  Zergling x2, Roach  
  80  6:27  Baneling x2  
  80  6:33  Zergling x2  
  80  6:34  Overlord  
  81  6:43  Ravager x2  
  81  6:44  Zergling x8  
  87  6:52  Zergling x8  
  86  6:58  Ravager  
  79  7:02  Zergling x8  
  79  7:06  Zergling x2  
  73  7:16  Ravager x2  
  73  7:17  Roach  
  73  7:18  Zergling x2, Roach  
  73  7:22  Roach  
  79  7:28  Zergling x6  
  72  7:30  Zergling x2  
  72  7:34  Zergling x4  
Tags
 
Add a new tag
Caveats
  • Supply blocks, unpowered buildings, or Contaminate may cause inaccurate times.
  • Supply counts are checked every 10 seconds.